 Dungeon Crawl Stone Soup version 0.24.0-123-gd5b16e6ec5 (webtiles) character file.

Game seed: 5108969206871025463, levelgen mode: deterministic

248735 Goreval the Spry (level 19, -8/162 HPs)
             Began as a Merfolk Summoner on Dec 17, 2019.
             Was the Champion of Wu Jian.
             Killed from afar by Nikola (25 damage)
             ... with a chain lightning
             ... on level 1 of the Vaults on Dec 18, 2019.
             The game lasted 04:01:13 (47290 turns).

Goreval the Spry (Merfolk Summoner)                Turns: 47290, Time: 04:01:14

Health: -8/162     AC: 25    Str: 21    XL:     19   Next: 57%
Magic:  0/32       EV: 31    Int: 22    God:    Wu Jian [******]
Gold:   237        SH:  9    Dex: 19    Spells: 7/37 levels left

rFire    . . .     SeeInvis +   a - +8 rapier (venom)
rCold    . . .     Gourm    .   x - +3 buckler {AC+3}
rNeg     . . .     Faith    .   L - +4 leather armour "Ylusos" {+Fly Str+3}
rPois    +         Spirit   +   N - +0 helmet
rElec    .         Reflect  .   E - +0 cloak of the Six Runes {Str+4 Dex+4 Slay+2 SInv}
rCorr    +         Harm     .   J - +2 pair of gloves "Alawn" {rPois rCorr}
MR       +....                  q - +0 pair of boots {Stlth+}
Stlth    ++++++++..             n - amulet of guardian spirit
HPRegen  0.37/turn              d - ring of Mytuddiofu {Str+6 Int+2 Stlth+}
MPRegen  0.23/turn              X - ring of Robustness {AC+8}

@: no status effects
A: change form in water, swift swim, stealthy swim, repulsion field 1, robust 1,
weak 1, wild magic 1, sturdy frame 1
}: 2/15 runes: decaying, serpentine
a: Wall Jump, Serpent's Lash, Heavenly Storm, Renounce Religion, Evoke Flight


You were on level 1 of the Vaults.
You worshipped Wu Jian.
Wu Jian was exalted by your worship.
You were very hungry.

You visited 7 branches of the dungeon, and saw 33 of its levels.
You visited the Abyss 1 time.
You visited 1 bazaar.
You also visited: Trove and Ice Cave.

You collected 3204 gold pieces.
You spent 2967 gold pieces at shops.

Inventory:

Hand Weapons
 a - a +8 rapier of venom (weapon)
Missiles
 S - 3 throwing nets (quivered)
Armour
 i - a +2 pair of gloves of strength
 q - a +0 pair of boots of stealth (worn)
 x - a +3 buckler of protection (worn)
 E - the +0 cloak of the Six Runes (worn) {Str+4 Dex+4 Slay+2 SInv}
   (You found it on level 7 of the Dungeon)

   It affects your strength (+4).
   It affects your dexterity (+4).
   It affects your accuracy and damage with ranged weapons and melee attacks
   (+2).
   It lets you see invisible.
 J - the +2 pair of gloves "Alawn" (worn) {rPois rCorr}
   (You found it on level 1 of the Snake Pit)

   It protects you from poison.
   It provides partial protection from all sources of acid and corrosion.
 L - the +4 leather armour "Ylusos" (worn) {+Fly Str+3}
   (You found it on level 9 of the Dungeon)

   It affects your strength (+3).
   It lets you fly.
 N - a +0 helmet (worn)
Magical Staves
 w - an uncursed staff of wizardry
Jewellery
 d - the ring of Mytuddiofu (left hand) {Str+6 Int+2 Stlth+}
   (You found it on level 1 of the Lair of Beasts)

   [ring of stealth]

   It affects your strength (+6).
   It affects your intelligence (+2).
   It makes you more stealthy.
 n - an amulet of guardian spirit (around neck)
 t - an uncursed ring of positive energy
 B - the ring "Pyali" {rF+ Dex+2}
   (You found it on level 1 of the Lair of Beasts)

   [ring of protection from fire]

   It affects your dexterity (+2).
   It protects you from fire.
 X - the ring of Robustness (right hand) {AC+8}
   (You took it off a gnoll sergeant on level 5 of the Dungeon)

   [ring of protection]

   It affects your AC (+8).
Wands
 m - a wand of digging (3)
 v - a wand of paralysis (22)
 H - a wand of acid (6)
 R - a wand of iceblast (9)
 W - a wand of disintegration (7)
Scrolls
 b - a scroll of vulnerability
 e - a scroll of brand weapon
 g - 6 scrolls of identify
 h - 9 scrolls of remove curse
 j - 7 scrolls of fog
 u - 4 scrolls of blinking
 z - 12 scrolls of teleportation
 D - 2 scrolls of silence
 F - a scroll of fear
 K - 2 scrolls of amnesia
 M - 2 scrolls of immolation
 O - a scroll of holy word
 P - 8 scrolls of magic mapping
 Y - 4 scrolls of summoning
 Z - 2 scrolls of enchant armour
Potions
 k - 10 potions of might
 l - 7 potions of flight
 o - 11 potions of lignification
 p - 5 potions of brilliance
 r - 6 potions of ambrosia
 s - 10 potions of mutation
 y - 9 potions of curing
 A - a potion of berserk rage
 C - 7 potions of haste
 G - 7 potions of heal wounds
 I - 4 potions of agility
 Q - 2 potions of invisibility
 T - 2 potions of resistance
 U - 4 potions of magic
 V - 4 potions of cancellation
Comestibles
 c - 46 rations
 f - 3 chunks of flesh


   Skills:
 + Level 12.7 Fighting
 - Level 14.0 Short Blades
 - Level 5.2 Armour
 + Level 18.9 Dodging
 - Level 14.0 Stealth
 - Level 4.0 Shields
 + Level 9.8 Spellcasting
 * Level 6.7 Hexes
 + Level 16.4 Summonings
 - Level 4.0 Translocations
 - Level 3.0 Ice Magic


You had 7 spell levels left.
You knew the following spells:

 Your Spells              Type           Power        Failure   Level  Hunger
a - Shadow Creatures      Summ           N/A          2%          6    ######.
b - Summon Demon          Summ           #######...   1%          5    ####...
c - Summon Ice Beast      Ice/Summ       ######..     2%          4    ##.....
d - Summon Lightning Spi  Summ/Air       ######..     4%          4    ##.....
e - Summon Guardian Gole  Hex/Summ       ######..     1%          3    None
f - Confusing Touch       Hex            ######       1%          1    None
n - Blink                 Tloc           N/A          3%          2    None
o - Aura of Abjuration    Summ           #######...   1%          5    ####...

Your spell library contained the following spells:

 Spells                   Type           Power        Failure   Level  Hunger
 Summon Butterflies       Summ           #######.     1%          1    None
 Summon Small Mammal      Summ           ####         1%          1    None
 Call Imp                 Summ           #######.     1%          2    None
 Slow                     Hex            ######..     1%          2    None
 Call Canine Familiar     Summ           #######.     1%          3    None
 Recall                   Summ/Tloc      N/A          1%          3    None
 Apportation              Tloc           #####.       2%          1    None
 Ensorcelled Hibernation  Hex/Ice        #####.       2%          2    None
 Confuse                  Hex            ######..     2%          3    None
 Tukima's Dance           Hex            ######..     2%          3    None
 Freeze                   Ice            ####         3%          1    None
 Summon Mana Viper        Hex/Summ       ######..     3%          5    ####...
 Summon Forest            Summ/Tloc      ######....   4%          5    ####...
 Gell's Gravitas          Tloc           #####.....   6%          3    None
 Lesser Beckoning         Tloc           #####.....   6%          3    None
 Throw Frost              Conj/Ice       ###...       8%          2    None
 Animate Skeleton         Necr           N/A          10%         1    None
 Magic Dart               Conj           ##..         10%         1    None
 Sublimation of Blood     Necr           ##........   14%         2    None
 Ozocubu's Armour         Chrm/Ice       ###.....     14%         3    None
 Conjure Flame            Conj/Fire      ##......     26%         3    None
 Ignite Poison            Fire/Tmut/Pois ##......     26%         3    None
 Mephitic Cloud           Conj/Pois/Air  ##......     26%         3    None
 Metabolic Englaciation   Hex/Ice        #####.....   32%         5    ####...
 Throw Icicle             Conj/Ice       ###.....     41%         4    ##.....
 Silence                  Hex/Air        ####......   50%         5    ####...
 Yara's Violent Unravell  Hex/Tmut       ####......   50%         5    ####...
 Animate Dead             Necr           N/A          61%         4    ##.....
 Petrify                  Tmut/Erth      ##......     61%         4    ##.....
 Darkness                 Hex            ######....   61%         6    ######.
 Invisibility             Hex            ######..     61%         6    ######.
 Alistair's Intoxication  Tmut/Pois      ##......     90%         5    ####...
 Borgnjor's Vile Clutch   Necr/Erth      ##........   90%         5    ####...
 Fireball                 Conj/Fire      ##........   90%         5    ####...
 Irradiate                Conj/Tmut      ##........   90%         5    ####...
 Simulacrum               Ice/Necr       ###.......   99%         6    ######.
 Bolt of Fire             Conj/Fire      ##........   100%        6    ######.
 Death Channel            Necr           ##........   100%        6    ######.
 Ring of Flames           Chrm/Fire      ##........   100%        7    #######
 Ignition                 Fire           ##........   100%        8    #######


Dungeon Overview and Level Annotations

Branches:
Dungeon (15/15)            Temple (1/1) D:4            Lair (6/6) D:8
  Swamp (4/4) Lair:3        Snake (4/4) Lair:2        Slime (0/5) Lair:5
    Orc (2/2) D:9             Elf (0/3) Orc:2        Vaults (1/5) D:13
 Depths (0/5) D:15          IceCv (visited)

Altars:
Cheibriados
Dithmenos
Elyvilon
Fedhas
Gozag
Kikubaaqudgha
Makhleb
Nemelex Xobeh
Okawaru
Qazlal
Ru
Sif Muna
Trog
Uskayaw
Vehumet
Wu Jian
Xom
Yredelemnul
Zin
The Shining One
Beogh
Jiyva

Shops:
D:5 (   Orc:1 *   Orc:2 ?([}

Annotations:
Vaults:1 Nikola


Innate Abilities, Weirdness & Mutations

You revert to your normal form in water.
You are very nimble and swift while swimming.
You are very stealthy in the water. (Stealth+)
You are surrounded by a mild repulsion field. (EV +2)
You are robust. (+10% HP)
You are weak. (Str -2)
Your spells are a little harder to cast, but a little more powerful.
Your movements are slightly less encumbered by armour. (ER -2)


Message History

The lightning arc hits your deep troll shaman!!
Your deep troll shaman dies!
Your deep troll shaman's corpse dissolves into shadows!
The lightning arc hits you!!!
* * * LOW HITPOINT WARNING * * *
The yaktaur unwields a +0 arbalest.
The yaktaur closely misses you.
You hear a shout!
There is an open door, spattered with blood here.
Things that are here:
a +0 arbalest; 37 bolts Unknown command.
You swap places.
Nikola gestures wildly while chanting.
You hear a mighty clap of thunder!
The lightning arc hits the yaktaur!!
The lightning arc hits Nikola!
The lightning arc hits the yaktaur!!
The yaktaur dies!
The lightning arc hits Nikola.
The lightning arc hits your deep troll! The lightning arc hits you!!
You die...

... ...###########
#..#....(....#
#..#...T.....# #..
#..#.....(...# #..
#..#.........#....#..
#.)#@((.T....#....#..
#@)T(p.......#....#..
#.)#####'#####....#..
.....#..............#..
.......#..............#..
########..............##'
....................
....................
....................


You could see Nikola, a friendly ironheart preserver, 2 friendly deep trolls and
a friendly deep troll earth mage.

Vanquished Creatures
  Vashnia (Snake:2)
  A thorn hunter (Swamp:2)
  5 nagarajas
  2 vault wardens (Vaults:1)
  Aizul (Snake:1)
  An orc warlord (Orc:2)
  2 frost giants
  Louise (D:14)
  A stone giant (Orc:2)
  A dire elephant (Lair:6)
  An ettin (Orc:1)
  The ghost of pachvara the Fighter, a journeyman TrMo of Qazlal (Orc:1)
  A yaktaur captain (Vaults:1)
  Snorg (Orc:2)
  Josephine (Orc:1)
  A blizzard demon (Abyss:3)
  An ogre mage (D:15)
  11 hydras
  A rakshasa (D:14)
  Harold (Orc:1)
  11 naga warriors
  The ghost of Valentain the Reanimator, a journeyman DsNe of Yredelemnul (D:11)
  A merfolk avatar (Lair:6)
  A death knight (D:12)
  3 ghost crabs
  A vault guard (D:13)
  6 centaur warriors
  5 anacondas
  2 shambling mangroves
  18 two-headed ogres
  An alligator (Swamp:1)
  A deep troll earth mage (D:14)
  3 orc high priests (Orc:2)
  10 naga sharpshooters
  Urug (Lair:1)
  7 shock serpents
  2 skeletal warriors
  Nergalle (D:9)
  A wretched star (Abyss:3)
  5 salamander mystics
  A shadow wraith (Vaults:1)
  A glowing orange brain (Abyss:3)
  2 unseen horrors
  9 swamp dragons
  A spriggan druid (Swamp:4)
  3 naga ritualists
  An ironbrand convoker (Vaults:1)
  2 lindwurms (Lair:1)
  A large abomination (Abyss:4)
  An anaconda skeleton (Abyss:3)
  Pikel (D:4)
  A harpy (Lair:6)
  4 orc sorcerers
  4 orc knights (Orc:2)
  A wolf spider (D:14)
  9 mana vipers
  2 wolf spider zombies (D:13)
  6 ugly things
  13 salamanders
  2 manticores
  A phantasmal warrior (D:12)
  3 cyclopes
  A cyclops (shapeshifter) (D:14)
  6 slime creatures
  The ghost of jaiteiro the Covert, a novice OpEn (D:5)
  A vault sentinel (Vaults:1)
  22 black mambas
  2 ice statues (IceCv)
  An elephant (Lair:1)
  2 centaur zombies
  16 naga magi
  14 spiny frogs
  An efreet (D:13)
  4 yaktaurs
  8 rime drakes
  4 centaur skeletons
  3 freezing wraiths
  5 komodo dragons
  A merfolk (D:10)
  7 trolls
  9 polar bears (IceCv)
  A harpy skeleton (D:10)
  6 hornets
  A wind drake (Lair:6)
  6 tyrant leeches
  14 blink frogs
  13 bog bodies
  3 hippogriffs
  3 dream sheep
  A shadow (Swamp:1)
  3 spriggans (Swamp:2)
  6 wraiths
  2 vampires
  4 wyverns
  24 yaks
  A fire bat (Lair:6)
  A basilisk (D:14)
  2 hungry ghosts
  A steam dragon (D:12)
  15 vampire mosquitoes
  Menkaure (D:7)
  Edmund (D:5)
  5 water moccasins
  2 wargs (Orc:2)
  2 soldier ants (shapeshifter) (Vaults:1)
  2 acid dragons
  10 insubstantial wisps
  31 nagas
  13 swamp worms
  5 porcupines
  13 swamp drakes
  2 eyes of draining
  2 ice beasts
  A phantom (D:6)
  A sky beast (D:9)
  3 slaves
  A necrophage (D:10)
  37 orc warriors
  15 ogres
  16 wolves
  8 centaurs
  A big kobold (D:10)
  7 crocodiles
  2 gnoll sergeants
  7 bullfrogs
  A small abomination (Abyss:3)
  2 scorpions
  9 howler monkeys
  7 crimson imps
  2 bullfrog zombies
  A lava snake (Lair:6)
  A quasit (D:11)
  32 orc priests
  Crazy Yiuf (D:7)
  5 hounds
  15 orc wizards
  A gnoll shaman (D:5)
  A jelly (D:5)
  Ijyb (D:3)
  5 worker ants
  2 hound skeletons
  2 howler monkey zombies
  A worker ant zombie (D:11)
  7 gnolls
  A howler monkey skeleton (D:8)
  10 adders
  A shadow imp (D:8)
  2 oozes
  3 dart slugs
  2 leopard geckos
  80 orcs
  3 hobgoblins
  3 jackals
  4 quokkas
  A ball python (D:2)
  4 bats
  3 frilled lizards
  3 goblins
  9 kobolds
  A kobold zombie (D:5)
  A leopard gecko zombie (D:8)
  A quokka skeleton (D:8)
  7 rats
  A briar patch (Swamp:2)
  2 plants
827 creatures vanquished.

Vanquished Creatures (collateral kills)
  3 nagarajas (Snake:4)
  An ironheart preserver (Vaults:1)
  A yaktaur captain (Vaults:1)
  8 hydras
  A naga warrior (Snake:4)
  A centaur warrior (D:13)
  3 anacondas
  4 two-headed ogres
  A shambling mangrove (Swamp:3)
  A death yak (Lair:1)
  9 naga sharpshooters
  2 orc high priests (Orc:2)
  2 shock serpents
  Sonja (D:13)
  A salamander mystic (Snake:3)
  A sixfirhy (Abyss:3)
  An unseen horror (D:14)
  A spriggan druid (Swamp:4)
  2 swamp dragons
  A harpy (Lair:6)
  2 orc sorcerers (Orc:2)
  2 deep elf magi (D:13)
  An orc knight (Orc:1)
  A manticore (shapeshifter) (Vaults:1)
  An ugly thing (D:11)
  A mana viper (Snake:3)
  2 oklob plants
  7 slime creatures
  6 salamanders
  2 cyclopes
  3 elephants (Lair:6)
  10 black mambas
  10 naga magi
  3 spiny frogs
  A torpor snail (Lair:5)
  2 rime drakes
  3 komodo dragons
  5 yaktaurs (Vaults:1)
  5 hornets
  A tyrant leech (Swamp:3)
  5 polar bears
  7 blink frogs
  4 bog bodies (Swamp:4)
  5 dream sheep
  A hippogriff (Lair:4)
  Sigmund (D:4)
  2 spriggans
  2 wyverns (Lair:6)
  17 yaks
  2 fire bats (Lair:6)
  3 wraiths
  7 vampire mosquitoes
  Eustachio (D:5)
  An insubstantial wisp (Swamp:2)
  12 nagas
  4 water moccasins
  5 wargs
  A soldier ant (D:13)
  2 swamp drakes
  9 orc warriors
  An eye of draining (D:13)
  8 ogres
  4 wolves
  5 crocodiles
  5 centaurs
  A big kobold (D:4)
  5 bullfrogs
  A gnoll sergeant (D:5)
  A wyvern zombie (D:12)
  A scorpion (D:9)
  2 hounds
  A quasit (D:7)
  A bullfrog skeleton (D:6)
  A centaur skeleton (D:10)
  A jelly (D:9)
  4 orc priests (Orc:2)
  An iron imp (D:5)
  8 orc wizards
  A worker ant (D:4)
  A killer bee zombie (D:8)
  Robin (D:3)
  A worker ant zombie (D:5)
  2 howler monkey skeletons
  9 gnolls
  6 adders
  2 shadow imps
  An ooze (D:2)
  An adder skeleton (D:5)
  5 dart slugs
  3 leopard geckos
  35 orcs
  A giant cockroach (D:3)
  10 goblins
  5 hobgoblins
  5 jackals
  A quokka (D:2)
  2 bats
  A frilled lizard (D:5)
  A goblin skeleton (D:5)
  3 kobolds
  A kobold skeleton (D:5)
  2 kobold zombies (D:5)
  3 orc skeletons (D:5)
  An orc zombie (D:5)
  4 rats
  5 plants
368 creatures vanquished.

Vanquished Creatures (others)
  3 ugly things (Swamp:3)
  2 black mambas (Snake:2)
  5 yaktaurs (Vaults:1)
  A polar bear (IceCv)
  2 slime creatures (Swamp:4)
  2 nagas (Snake:4)
  A swamp drake (Swamp:1)
  8 fungi
  9 plants
  3 starspawn tentacles (Abyss:3)
  7 toadstools (Lair:1)
43 creatures vanquished.

Grand Total: 1238 creatures vanquished

Notes
Turn   | Place    | Note
-------+----------+-------------------------------------------
     0 | D:1      | Goreval the Merfolk Summoner began the quest for the Orb.
     0 | D:1      | Reached XP level 1. HP: 13/13 MP: 3/3
   428 | D:1      | Reached XP level 2. HP: 19/19 MP: 1/5
   434 | D:1      | Reached skill level 3 in Dodging
   450 | D:1      | Learned a level 2 spell: Call Imp
  1198 | D:2      | Reached XP level 3. HP: 12/24 MP: 2/6
  1353 | D:2      | Learned a level 3 spell: Call Canine Familiar
  1535 | D:2      | Reached skill level 1 in Short Blades
  1920 | D:2      | Found a shimmering altar of Xom.
  1988 | D:2      | Reached XP level 4. HP: 31/31 MP: 7/7
  2344 | D:2      | Found a faded altar of an unknown god.
  2806 | D:3      | Noticed Ijyb
  2820 | D:3      | Paralysed by Ijyb for 6 turns
  2832 | D:3      | Paralysed by Ijyb for 2 turns
  2930 | D:3      | Noticed Robin
  3101 | D:3      | Killed Robin
  3394 | D:3      | Reached skill level 1 in Fighting
  3505 | D:3      | Found a hide-covered altar of Uskayaw.
  3642 | D:3      | Reached XP level 5. HP: 37/37 MP: 1/8
  3971 | D:4      | Noticed Sigmund
  5106 | D:4      | Killed Sigmund
  5106 | D:4      | Reached skill level 5 in Summonings
  5106 | D:4      | Reached XP level 6. HP: 29/43 MP: 2/10
  5116 | D:4      | Learned a level 4 spell: Summon Ice Beast
  5701 | D:4      | Noticed a slave
  5702 | D:4      | Noticed a slave
  5919 | D:4      | Found a bloodstained altar of Trog.
  5947 | D:4      | Noticed a slave
  5958 | D:4      | Noticed a slave
  5968 | D:4      | Noticed Pikel
  5986 | D:3      | Killed a slave
  6157 | D:4      | Found a staircase to the Ecumenical Temple.
  6167 | D:5      | Entered Level 5 of the Dungeon
  6326 | D:5      | Found Tuch's Weapon Shop.
  6336 | D:5      | Found a transporter.
  6368 | D:5      | Reached skill level 4 in Dodging
  6388 | D:5      | Reached skill level 1 in Ice Magic
  6403 | D:5      | Found a glowing golden altar of the Shining One.
  6871 | D:4      | Found a blossoming altar of Fedhas.
  6881 | D:4      | Noticed an oklob plant
  6922 | D:4      | Paralysed by Pikel for 3 turns
  7036 | D:4      | Paralysed by Pikel for 6 turns
  7378 | D:5      | Noticed Eustachio
  7388 | D:5      | Identified the +1 ring mail "Eset" {Int+2 Dex+3}
  7389 | D:5      | Noticed Edmund
  7405 | D:5      | Found a transporter.
  7791 | D:5      | Found a burning altar of Makhleb.
  7807 | D:5      | Found a sacrificial altar of Ru.
  7829 | D:5      | Killed Eustachio
  7829 | D:5      | Reached XP level 7. HP: 32/50 MP: 2/11
  8332 | D:5      | Killed Edmund
  8337 | D:5      | Noticed jaiteiro's ghost (novice OpEn)
  8484 | Temple   | Entered the Ecumenical Temple
  8543 | Temple   | Became a worshipper of the Wu Jian Council
  8966 | D:6      | Reached XP level 8. HP: 48/57 MP: 9/12
  9135 | D:6      | Reached skill level 5 in Short Blades
  9458 | D:6      | Found a radiant altar of Vehumet.
  9460 | D:6      | Found an opulent altar of Gozag.
 10472 | D:7      | Noticed a two-headed ogre
 10483 | D:7      | Killed a two-headed ogre
 10483 | D:7      | Reached XP level 9. HP: 30/65 MP: 4/14
 10792 | D:7      | Noticed Menkaure
 10801 | D:7      | Killed Menkaure
 10801 | D:7      | Reached * piety under Wu Jian
 11323 | D:7      | Got a scorched cloak
 11331 | D:7      | Identified the +0 cloak of the Six Runes {Str+4 Dex+4
                  | Slay+2 SInv} (You found it on level 7 of the Dungeon)
 11340 | D:7      | Found a shimmering blue altar of Sif Muna.
 11340 | D:7      | Found an iron altar of Okawaru.
 11448 | D:7      | Found a runed translucent door.
 11449 | D:7      | Noticed Crazy Yiuf
 11601 | D:7      | Killed Crazy Yiuf
 11824 | D:8      | Reached skill level 5 in Fighting
 12333 | D:8      | Found a staircase to the Lair.
 12407 | D:8      | Noticed a two-headed ogre
 12420 | D:8      | Killed a two-headed ogre
 12420 | D:8      | Reached skill level 5 in Dodging
 12420 | D:8      | Reached skill level 5 in Stealth
 12420 | D:8      | Reached XP level 10. HP: 57/74 MP: 12/16
 12436 | D:8      | Found Utyor's Distillery.
 12921 | D:9      | Got a heavily runed leather armour
 12932 | D:9      | Identified the +4 leather armour "Ylusos" {+Fly Str+3} (You
                  | found it on level 9 of the Dungeon)
 12996 | D:9      | Reached ** piety under Wu Jian
 13109 | D:9      | Learned a level 4 spell: Summon Lightning Spire
 13288 | D:9      | Noticed a two-headed ogre
 13291 | D:9      | Noticed a centaur warrior
 13308 | D:9      | Killed a two-headed ogre
 13308 | D:9      | Reached skill level 6 in Dodging
 13321 | D:9      | Killed a centaur warrior
 13321 | D:9      | Reached skill level 10 in Short Blades
 13854 | D:9      | Found a shadowy altar of Dithmenos.
 13920 | D:9      | Found a staircase to the Orcish Mines.
 14064 | D:10     | Entered Level 10 of the Dungeon
 14123 | D:10     | Reached *** piety under Wu Jian
 14123 | D:10     | Reached skill level 10 in Summonings
 14123 | D:10     | Reached XP level 11. HP: 81/83 MP: 15/17
 14184 | D:10     | Reached skill level 7 in Dodging
 15178 | D:11     | Found a transporter.
 15178 | D:11     | Noticed Valentain's ghost (journeyman DsNe)
 15179 | D:11     | Noticed a two-headed ogre
 15181 | D:11     | Identified the +10 great mace of Compulsion {crush, rC-
                  | Str+2 Int+4}
 15181 | D:11     | Noticed a two-headed ogre
 15183 | D:11     | Found a transporter.
 15183 | D:11     | Noticed a two-headed ogre
 15189 | D:11     | Noticed a cyclops
 15343 | D:11     | Noticed a purple ugly thing
 15353 | D:11     | Killed a purple ugly thing
 15402 | D:11     | Reached **** piety under Wu Jian
 15482 | D:11     | Found a burning altar of Makhleb.
 16069 | Lair:1   | Entered Level 1 of the Lair of Beasts
 16294 | D:5      | Killed jaiteiro's ghost
 16294 | D:5      | Reached skill level 8 in Dodging
 16294 | D:5      | Reached skill level 5 in Spellcasting
 16296 | D:5      | Paralysed by a gnoll for 2 turns
 16577 | D:4      | Killed an oklob plant
 16676 | D:4      | Killed Pikel
 16881 | D:3      | Killed Ijyb
 17113 | Lair:1   | Noticed Urug
 17149 | Lair:1   | Killed Urug
 17453 | Lair:1   | Reached XP level 12. HP: 93/93 MP: 10/19
 17523 | Lair:1   | Noticed a death yak
 17536 | Lair:1   | Killed a death yak
 17536 | Lair:1   | Reached skill level 1 in Shields
 17572 | Lair:1   | Found a runed translucent door.
 17752 | Lair:1   | Reached skill level 9 in Dodging
 18304 | Lair:2   | Noticed a five-headed hydra
 18316 | Lair:2   | Killed a five-headed hydra
 18446 | Lair:2   | Found a frozen archway.
 18463 | IceCv    | Entered an ice cave
 18472 | IceCv    | Reached ***** piety under Wu Jian
 19307 | IceCv    | Reached skill level 10 in Dodging
 19549 | IceCv    | Noticed a frost giant
 19587 | IceCv    | Killed a frost giant
 20090 | IceCv    | Gained mutation: Scrolls take you a little longer to read.
                  | [potion of mutation]
 20090 | IceCv    | Gained mutation: You are partially covered in rugged brown
                  | scales. (AC +1, +3% HP) [potion of mutation]
 20090 | IceCv    | Gained mutation: Your magical capacity is low. (-10% MP)
                  | [potion of mutation]
 20090 | IceCv    | Gained mutation: Your mind is acute. (Int +2) [potion of
                  | mutation]
 20091 | IceCv    | Lost mutation: Scrolls take you a little longer to read.
                  | [potion of mutation]
 20091 | IceCv    | Lost mutation: Your magical capacity is low. (-10% MP)
                  | [potion of mutation]
 20091 | IceCv    | Lost mutation: You are partially covered in rugged brown
                  | scales. (AC +1, +3% HP) [potion of mutation]
 20091 | IceCv    | Lost mutation: Your mind is acute. (Int +2) [potion of
                  | mutation]
 20091 | IceCv    | Gained mutation: You have a pair of small horns on your
                  | head. [potion of mutation]
 20091 | IceCv    | Gained mutation: You are robust. (+10% HP) [potion of
                  | mutation]
 20093 | IceCv    | Lost mutation: You have a pair of small horns on your head.
                  | [potion of mutation]
 20093 | IceCv    | Gained mutation: You are weak. (Str -2) [potion of
                  | mutation]
 20093 | IceCv    | Gained mutation: Your spells are a little harder to cast,
                  | but a little more powerful. [potion of mutation]
 20093 | IceCv    | Gained mutation: You are surrounded by a mild repulsion
                  | field. (EV +2) [potion of mutation]
 20093 | IceCv    | Gained mutation: Your movements are slightly less
                  | encumbered by armour. (ER -2) [potion of mutation]
 20439 | Lair:2   | Found a staircase to the Snake Pit.
 21088 | Lair:3   | Noticed a five-headed hydra
 21155 | Lair:3   | Killed a five-headed hydra
 21155 | Lair:3   | Reached XP level 13. HP: 111/111 MP: 13/20
 21179 | Lair:3   | Found a staircase to the Swamp.
 21208 | Swamp:1  | Entered Level 1 of the Swamp
 21865 | Lair:4   | Got an obsidian-encrusted chain mail
 21995 | Lair:4   | Identified the +12 chain mail "Boha" {rPois Str+5 Dex-3}
                  | (You found it on level 4 of the Lair of Beasts)
 22007 | Lair:4   | Got a pitted marble ring
 22010 | Lair:4   | Identified the ring of Odegobaapp {AC+1 Str+2 Int+3} (You
                  | found it on level 4 of the Lair of Beasts)
 22393 | Lair:4   | You fall into a shaft and drop 1 floor!
 22648 | Lair:4   | Learned a level 2 spell: Blink
 22984 | Lair:5   | Found a viscous altar of Jiyva.
 22984 | Lair:5   | Found a staircase to the Slime Pits.
 23056 | Lair:5   | Reached skill level 11 in Dodging
 23137 | Lair:5   | Got a crystal falchion
 23168 | Lair:5   | Reached skill level 10 in Fighting
 23189 | Lair:5   | Got a slimy fustibalus
 23775 | Lair:6   | Entered Level 6 of the Lair of Beasts
 23965 | Lair:6   | Reached ****** piety under Wu Jian
 24227 | Lair:6   | Reached XP level 14. HP: 122/122 MP: 18/23
 24384 | Lair:6   | Noticed a dire elephant
 24406 | Lair:6   | Killed a dire elephant
 24642 | Lair:6   | Got a scorched long sword
 24644 | Lair:6   | Identified the cursed +0 long sword of Xouschopp
                  | {antimagic, rC+} (You found it on level 6 of the Lair of
                  | Beasts)
 25150 | D:11     | Reached skill level 12 in Dodging
 25490 | D:11     | Killed Valentain's ghost
 26683 | D:13     | Identified a scroll of acquirement
 27025 | D:13     | Noticed Sonja
 27044 | D:13     | Killed Sonja
 27656 | D:13     | Found a gate to the Vaults.
 27751 | D:13     | Reached skill level 15 in Summonings
 27995 | D:14     | Found a large runed translucent door.
 27999 | D:14     | Reached XP level 15. HP: 107/129 MP: 5/24
 28006 | D:14     | Reached skill level 13 in Dodging
 28032 | D:14     | Found a large runed translucent door.
 28232 | D:14     | Noticed Louise
 28251 | D:14     | Cast into level 3 of the Abyss (Louise)
 28256 | Abyss:3  | Noticed a tentacled starspawn
 28483 | Abyss:3  | Noticed a tentacled starspawn
 28577 | Abyss:3  | Noticed a tentacled starspawn
 28915 | Abyss:3  | Noticed a hellephant
 28925 | Abyss:3  | Noticed an ancient lich
 29002 | D:14     | Escaped the Abyss
 29451 | D:14     | Killed Louise
 29451 | D:14     | Reached skill level 10 in Stealth
 29743 | D:14     | Found a portal to a secret trove of treasure.
 29956 | D:5      | Bought the +9 shortbow of the Land of Plenty {speed, +Inv
                  | rPois Int+2} for 1146 gold pieces
 30157 | D:14     | You paid a toll of the shortbow of the Land of Plenty to
                  | enter a treasure trove
 30158 | Trove    | Entered a treasure trove
 30161 | Trove    | Found the +18 shield of the Gong {rElec rN+ MR+ EV-5}
 30161 | Trove    | Found the +2 cloak of the Thief {+Fog Slay-2 SInv Stlth+}
 30225 | Trove    | Got a scorched helmet
 30236 | Trove    | Identified the -3 helmet "Leent" {-Cast +Inv MR+} (You
                  | found it in a treasure trove)
 30303 | Trove    | Got a pair of transparent gloves
 30314 | Trove    | Identified the +0 pair of gloves of Bewoj {Int+3 Slay+3
                  | SInv} (You found it in a treasure trove)
 30342 | Trove    | Got a heavily runed plate armour
 30522 | D:14     | Found a shimmering altar of Xom.
 30531 | D:14     | Reached skill level 14 in Dodging
 30541 | D:14     | Found a stormy altar of Qazlal.
 30570 | D:15     | Entered Level 15 of the Dungeon
 31020 | D:15     | Found a staircase to the Depths.
 31020 | D:15     | Noticed a frost giant
 31021 | D:15     | Killed a frost giant
 31511 | Orc:1    | Entered Level 1 of the Orcish Mines
 31511 | Orc:1    | Noticed Nergalle
 31525 | D:9      | Killed Nergalle
 31541 | Orc:1    | Noticed Harold
 31551 | Orc:1    | Killed Harold
 31769 | Orc:1    | Found a transporter.
 31773 | Orc:1    | Noticed pachvara's ghost (journeyman TrMo)
 31777 | Orc:1    | Found a transporter.
 31777 | Orc:1    | Identified the +7 great mace of Taxation {crush, +Inv Str-5
                  | SInv Stlth+}
 31841 | Orc:1    | Found Kouvateone's General Store.
 31855 | Orc:1    | Bought a scroll of summoning for 123 gold pieces
 32080 | Orc:1    | Killed pachvara's ghost
 32139 | Orc:2    | Entered Level 2 of the Orcish Mines
 32148 | Orc:2    | Noticed Snorg
 32441 | Orc:1    | Reached skill level 15 in Dodging
 32477 | Orc:2    | Killed Snorg
 33188 | Orc:2    | Noticed an orc warlord
 33217 | Orc:2    | Killed an orc warlord
 33242 | Orc:2    | Found Upeitaba's Gadget Boutique.
 33268 | Orc:2    | Reached XP level 16. HP: 125/137 MP: 1/26
 33461 | Orc:2    | Found Tapior's Armour Shop.
 33543 | Orc:2    | Found a roughly hewn altar of Beogh.
 34044 | Orc:2    | Found a roughly hewn altar of Beogh.
 34116 | Orc:2    | Found Utwic's Magic Scroll Boutique.
 34120 | Orc:2    | Bought a scroll of enchant armour for 120 gold pieces
 34120 | Orc:2    | Bought 2 scrolls of enchant armour for 240 gold pieces
 34128 | Orc:2    | Found Yghon's Weapon Shop.
 34223 | Orc:2    | Found a staircase to the Elven Halls.
 34318 | Orc:1    | Noticed Josephine
 34335 | Orc:1    | Killed Josephine
 34335 | Orc:1    | Reached skill level 16 in Dodging
 34851 | Swamp:1  | Got a crystal halberd
 35868 | Swamp:2  | Reached skill level 1 in Armour
 35969 | Swamp:2  | Learned a level 3 spell: Summon Guardian Golem
 36166 | Swamp:2  | Noticed a thorn hunter
 36192 | Swamp:2  | Killed a thorn hunter
 36227 | Swamp:2  | Reached XP level 17. HP: 102/144 MP: 17/28
 36787 | Swamp:3  | Got a jewelled scale mail
 36788 | Swamp:3  | Identified the cursed +0 scale mail of Jeatozisch {rN+
                  | Str+6} (You found it on level 3 of the Swamp)
 37450 | Swamp:4  | Entered Level 4 of the Swamp
 37493 | Swamp:3  | Reached skill level 17 in Dodging
 38754 | Swamp:4  | Reached skill level 5 in Armour
 39051 | Swamp:4  | Reached XP level 18. HP: 146/151 MP: 14/30
 39265 | Swamp:4  | Got a smoking hunting sling
 39355 | Swamp:4  | Got a decaying rune of Zot
 39587 | Swamp:4  | Got a scorched ring mail
 39604 | Swamp:4  | Identified the +0 ring mail of Georip {rC+ Int+2} (You
                  | found it on level 4 of the Swamp)
 39618 | Swamp:4  | Learned a level 1 spell: Confusing Touch
 39848 | Snake:1  | Entered Level 1 of the Snake Pit
 39866 | Snake:1  | Reached skill level 1 in Hexes
 40359 | Snake:1  | Noticed Aizul
 40388 | Snake:1  | Killed Aizul
 40594 | Snake:1  | Identified the +3 dagger "Diluaz" {drain, *Rage +Blink
                  | rElec}
 40737 | Snake:1  | Got a pair of bloodstained gloves
 40750 | Snake:1  | Identified the +2 pair of gloves "Alawn" {rPois rCorr} (You
                  | found it on level 1 of the Snake Pit)
 41011 | Snake:2  | Found a flickering gateway to a bazaar.
 41021 | Bazaar   | Entered a bazaar
 41028 | Bazaar   | Found Rubleek's General Store.
 41060 | Bazaar   | Found Xylu's Food Shop.
 41090 | Bazaar   | Found Zurchapoa's Weapon Shop.
 41090 | Bazaar   | Found Zouga's Book Boutique.
 41103 | Bazaar   | Bought a book of Dreams for 1200 gold pieces
 41127 | Bazaar   | Bought a +0 pair of boots of stealth for 138 gold pieces
 41154 | Bazaar   | Learned a level 6 spell: Shadow Creatures
 41464 | Snake:2  | Reached skill level 1 in Translocations
 41648 | Snake:2  | Noticed Vashnia
 42414 | Snake:2  | Reached skill level 18 in Dodging
 42668 | Snake:2  | Killed Vashnia
 44142 | Snake:4  | Entered Level 4 of the Snake Pit
 44220 | Snake:4  | Reached XP level 19. HP: 87/160 MP: 9/32
 45058 | Snake:4  | Reached skill level 5 in Hexes
 45195 | Snake:4  | Learned a level 5 spell: Aura of Abjuration
 45277 | Snake:4  | Learned a level 5 spell: Summon Demon
 45888 | Snake:4  | Got an encrusted hunting sling
 45955 | Snake:4  | Got a serpentine rune of Zot
 46481 | Vaults:1 | Entered Level 1 of the Vaults
 46812 | Lair:1   | Got a wavering copper ring
 46814 | Lair:1   | Got a heavily runed tin ring
 46821 | Lair:1   | Identified the ring "Pyali" {rF+ Dex+2} (You found it on
                  | level 1 of the Lair of Beasts)
 46826 | Lair:1   | Identified the ring of Mytuddiofu {Str+6 Int+2 Stlth+} (You
                  | found it on level 1 of the Lair of Beasts)
 47264 | Vaults:1 | Noticed Nikola
 47290 | Vaults:1 | Killed from afar by Nikola

Levels and vault maps discovered:
D:1:      wander_arrival_estate, layout_rooms
D:2:      layout_loops_cross, lemuel_round_altar,
          chequers_ecumenical_altar_island, grunt_ministairs_10,
          kennysheep_minor_cross
D:3:      layout_basic, nicolae_overflow_crystal_walls, uniq_ijyb, uniq_robin
D:4:      layout_basic, lemuel_round_altar, tgw_fedhas,
          minmay_temple_entry_from_below_a, uniq_pikel, uniq_sigmund
D:5:      layout_basic, old_standard_altar, nicolae_tso_besieged_by_evil,
          kennysheep_little_box, first_ration, serial_shops, shop,
          gammafunk_ghost_gnarly_gnolls, uniq_edmund, uniq_eustachio
D:6:      layout_basic, chequers_temple_overflow_statue_of_worship
D:7:      layout_cave_pools, gammafunk_temple_overflow_elements,
          uniq_crazy_yiuf_cottage, uniq_menkaure
D:8:      layout_basic, dpeg_oklobed_lair, serial_shops,
          nicolae_shop_statue_plus
D:9:      kennysheep_spiral_hall, layout_rooms, lemuel_coloured_pillars_altar,
          erik_orc_1
D:10:     layout_loops_cross, serial_rivers, chequers_serial_rivers_micro_e,
          chequers_serial_rivers_marsh, chequers_serial_rivers_small_b,
          chequers_serial_rivers_micro_d, chequers_serial_rivers_micro_e,
          chequers_serial_rivers_micro_a, hangedman_fish_farm
D:11:     lemuel_ogre_cave, layout_cave_pods, basic_altar,
          gammafunk_ghost_smash, minmay_misc_feat_five
D:12:     layout_roguey
D:13:     cheibrodos_quadrivalence, layout_loops_corners, david_vaults_5,
          uniq_sonja
D:14:     layout_irregular_city, minmay_misc_feat_pillars, enter_trove_1,
          jmf_multi_god_temple2, uniq_louise
D:15:     grunt_enter_depths_snipers, layout_basic,
          chequers_serial_rivers_small_3
Temple:   jpeg_temple_alley_garden
Lair:1:   gammafunk_lair_enchanted_lake, layout_regular_city,
          small_statue_intersection, grunt_megastairs_5, uniq_urug
Lair:2:   layout_regular_city, dummy_snake_entry, portal_ice_cave_rime,
          serial_bayou_pond_d, serial_bayou_crossing
Lair:3:   layout_hall_layers, skrybe_swamp_entry_bodies
Lair:4:   layout_small_grid
Lair:5:   layout_loops_ring, slime_altar_1
Lair:6:   gammafunk_lair_ancient_temple, layout_gridlike, minivault_19,
          infiniplex_staircase_pool_2, lemuel_fruit_tree
Swamp:1:  layout_falls_marsh, hangedman_swamp_ruin_wall, swamp_pool1
Swamp:2:  layout_falls_marsh, evilmike_swamp_ruin_house_3
Swamp:3:  layout_basic_swamp, hangedman_swamp_ruin_hall,
          infiniplex_staircase_pool
Swamp:4:  grunt_swamp_rune_castle, layout_basic_swamp
Snake:1:  layout_basic, uniq_aizul
Snake:2:  layout_layer_cave, serial_shops, bzr_entry_lakeside, drop_trap,
          st_stairs_6, uniq_vashnia
Snake:3:  kennysheep_six_static_rooms, layout_cave_town
Snake:4:  snake_pit, layout_grid_shapes
Orc:1:    layout_caves, gammafunk_ghost_smash, serial_shops, shop,
          uniq_nergalle, uniq_josephine, uniq_harold
Orc:2:    pubby_orc_utopia, uniq_snorg
Vaults:1: st_squares, nicolae_vaults_alarming, ontoclasm_vaults_hangar,
          v_alt_pattern_4, v_misc_28, vaults_mumra_hexcomb, v_misc_3,
          nicolae_vaults_big_ls, layout_vaults_quadrants, uniq_nikola

Skill      XL: |  1  2  3  4  5  6  7  8  9 10 11 12 13 14 15 16 17 18 19 |
---------------+----------------------------------------------------------+-----
Dodging        | 3 4 5 6 8 10 11 12 15 16 17 18 | 18.9
Short Blades   | 1 2 3 4 7 8 10 12 14 | 14.0
Fighting       | 1 2 4 5 6 8 9 10 11 12 | 12.7
Stealth        | 3 4 5 6 8 11 12 14 | 14.0
Summonings     | 5 6 7 8 10 11 12 13 15 16 | 16.4
Ice Magic      | 1 3 |  3.0
Spellcasting   | 3 4 5 6 7 8 9 |  9.8
Shields        | 4 |  4.0
Armour         | 4 5 |  5.2
Hexes          | 4 6 |  6.7
Translocations | 4 |  4.0

Action                   |  1- 3 |  4- 6 |  7- 9 | 10-12 | 13-15 | 16-18 | 19-21 || total
-------------------------+-------+-------+-------+-------+-------+-------+-------++-------
Melee: Whip              |    13 |       |       |       |       |       |       ||    13
       Unarmed           |     5 |       |       |       |       |       |       ||     5
       Dagger            |    79 |   319 |       |       |       |       |       ||   398
       Staff             |       |     2 |       |       |       |       |       ||     2
       Rapier            |       |       |   205 |   773 |  1372 |  1487 |   396 ||  4233
       Tailslap          |       |       |       |       |    19 |    59 |     4 ||    82
Throw: Stone             |     2 |       |     1 |     2 |       |       |       ||     5
 Cast: Summon Small Mamm |    14 |    13 |       |       |       |       |       ||    27
       Call Imp          |    14 |    62 |    29 |    20 |     5 |     2 |       ||   132
       Call Canine Famil |     2 |    21 |    16 |    12 |    29 |     9 |     3 ||    92
       Summon Ice Beast  |       |       |    14 |    87 |   148 |   144 |    23 ||   416
       Summon Lightning  |       |       |       |    10 |    15 |    17 |     4 ||    46
       Blink             |       |       |       |       |     1 |       |       ||     1
       Summon Guardian G |       |       |       |       |       |    12 |     3 ||    15
       Shadow Creatures  |       |       |       |       |       |    26 |    18 ||    44
       Summon Demon      |       |       |       |       |       |       |    13 ||    13
       Aura of Abjuratio |       |       |       |       |       |       |     1 ||     1
Invok: Lunge             |       |       |    41 |    77 |   151 |   147 |    49 ||   465
       Whirlwind         |       |       |       |    86 |   182 |   257 |    71 ||   596
       Wall Jump         |       |       |       |    18 |       |       |       ||    18
       Serpent's Lash    |       |       |       |       |       |     2 |       ||     2
       Heavenly Storm    |       |       |       |       |       |     2 |       ||     2
 Abil: Wall Jump         |       |       |       |     2 |    25 |    28 |     6 ||    61
Evoke: Wand              |       |       |       |     2 |       |       |       ||     2
  Use: Scroll            |       |     9 |     5 |    15 |    12 |    12 |     5 ||    58
       Potion            |       |     2 |       |     3 |     2 |     3 |     1 ||    11
 Stab: Sleeping          |     5 |     4 |     1 |    17 |    50 |    57 |     7 ||   141
       Distracted        |     1 |     4 |     4 |     9 |    17 |    21 |     8 ||    64
  Eat: Chunk             |     5 |    17 |    15 |    43 |    52 |    26 |     1 ||   159
       Ration            |       |     2 |     2 |     2 |     3 |     9 |     5 ||    23
Armor: Robe              |    15 |     9 |       |    85 |       |       |       ||   109
       Leather armour    |       |    75 |    50 |    92 |   162 |   188 |    49 ||   616
Dodge: Dodged            |    93 |   246 |    87 |   509 |   586 |   883 |   209 ||  2613
Block: Buckler           |       |       |       |     6 |   215 |   330 |    92 ||   643
